 Dungeon Crawl Stone Soup version 0.23.0 (webtiles) character file.

Game seed: 7038515117922413839

28 dvd the Charmwright (level 3, -1/31 HPs)
             Began as a Gnoll Skald on Feb 8, 2019.
             Slain by Sigmund
             ... wielding a +0 scythe
              (4 damage)
             ... on level 2 of the Dungeon.
             The game lasted 00:02:20 (1002 turns).

dvd the Charmwright (Gnoll Skald)                   Turns: 1002, Time: 00:02:21

Health: -1/31      AC:  5    Str: 14    XL:     3   Next: 12%
Magic:  9/9        EV: 12    Int: 15    God:
Gold:   56         SH:  3    Dex: 14    Spells: 7/12 levels left

rFire    . . .     SeeInvis .   a - +0 hand axe
rCold    . . .     Gourm    .   g - +0 buckler
rNeg     . . .     Faith    .   l - +0 ring mail (curse)
rPois    .         Spirit   .   (no helmet)
rElec    .         Reflect  .   (no cloak)
rCorr    .         Harm     .   (no gloves)
MR       .....                  (no boots)
Stlth    +.........             (no amulet)
HPRegen  0.10/turn              (no ring)
MPRegen  0.11/turn              (no ring)

@: no status effects
A: distributed training, fangs 1, strong nose
a: no special abilities


You were on level 2 of the Dungeon.
You were not hungry.

You visited 1 branch of the dungeon, and saw 2 of its levels.

You collected 56 gold pieces.

Inventory:

Hand Weapons
 a - a +0 hand axe (weapon)
Armour
 b - a +0 leather armour
 g - a +0 buckler (worn)
 k - a +0 chain mail
 l - a cursed +0 ring mail (worn)
Scrolls
 f - 4 scrolls of identify {unknown}
 m - a scroll of remove curse {unknown}
Potions
 e - a potion of haste {unknown}
 i - a potion of magic {unknown}
 j - a potion of degeneration {unknown}
Comestibles
 d - a ration
 h - a chunk of flesh


   Skills:
 + Level 4.5 Fighting
 + Level 0.6 Short Blades
 + Level 0.6 Long Blades
 + Level 4.5 Axes
 + Level 0.6 Maces & Flails
 + Level 0.6 Polearms
 + Level 0.6 Staves
 + Level 0.6 Slings
 + Level 0.6 Bows
 + Level 0.6 Crossbows
 + Level 0.6 Throwing
 + Level 2.5 Armour
 + Level 4.5 Dodging
 + Level 0.6 Stealth
 + Level 0.6 Shields
 + Level 0.6 Unarmed Combat
 + Level 5.0 Spellcasting
 + Level 0.4 Conjurations
 + Level 0.4 Hexes
 + Level 5.4 Charms
 + Level 0.4 Summonings
 + Level 0.4 Necromancy
 + Level 0.4 Translocations
 + Level 0.4 Transmutations
 + Level 0.4 Fire Magic
 + Level 0.4 Ice Magic
 + Level 0.4 Air Magic
 + Level 0.4 Earth Magic
 + Level 0.4 Poison Magic
 + Level 0.8 Invocations
 + Level 0.6 Evocations


You had 7 spell levels left.
You knew the following spells:

 Your Spells              Type           Power        Failure   Level  Hunger
a - Infusion              Chrm           ###.         5%          1    None
b - Song of Slaying       Chrm           ###.....     9%          2    ##.....
c - Shroud of Golubria    Chrm/Tloc      ##........   22%         2    ##.....

Your spell library contained the following spells:

 Spells                   Type           Power        Failure   Level  Hunger
 Regeneration             Chrm/Necr      ##........   41%         3    ###....
 Spectral Weapon          Hex/Chrm       ##......     41%         3    ###....


Dungeon Overview and Level Annotations

Branches:
Dungeon (2/15)

Altars:

Annotations:
D:2 Robin, Sigmund


Innate Abilities, Weirdness & Mutations

Your experience applies equally to all skills.
You have very sharp teeth.
Your uncanny sense of smell can sniff out nearby items.


Message History

A frilled lizard and a goblin come into view.
The goblin shouts!
A hobgoblin comes into view. It is wielding a +0 club.
The hobgoblin shouts!
The goblin hits you but does no damage. The goblin barely misses you.
You block the goblin's attack. The goblin hits you with a +0 dagger.
* * * LOW HITPOINT WARNING * * *
A goblin comes into view. It is wielding a +0 dagger.
The hobgoblin closely misses you. The goblin barely misses you.
Things that are here:
a +0 club; a frilled lizard corpse Your shield prevents you from hitting the goblin.
You hit the hobgoblin but do no damage. You hit the goblin but do no damage.
You hit the goblin. You miss the goblin. You hit Robin but do no damage.
Robin hits you but does no damage. The goblin barely misses you.
The goblin closely misses you. x2; The hobgoblin hits you with a +0 club.
* * * LOW HITPOINT WARNING * * *
You block the hobgoblin's attack. The goblin hits you but does no damage.
Something hits you.
You die...

....#.#. #.#....#
##...#g# ...l.#
######...#
......gg##
##.####>ggg.##
........g@g.g#
#.###..gg.##.#
#.###.#
##.###.###.#
............#
###..?............
#####..........#
#.########## #.#


You could see Robin, 3 hobgoblins, 7 goblins and a frilled lizard.

Vanquished Creatures
  A dart slug (D:1)
  3 leopard geckos
  3 bats (D:1)
  A giant cockroach (D:1)
  2 goblins (D:1)
  4 hobgoblins
  3 kobolds
  3 frilled lizards
20 creatures vanquished.

Notes
Turn   | Place    | Note
-------+----------+-------------------------------------------
     0 | D:1      | dvd the Gnoll Skald began the quest for the Orb.
     0 | D:1      | Reached XP level 1. HP: 20/20 MP: 6/6
    92 | D:1      | Reached XP level 2. HP: 15/26 MP: 7/7
   111 | D:1      | Learned a level 2 spell: Song of Slaying
   114 | D:1      | Learned a level 2 spell: Shroud of Golubria
   967 | D:2      | Noticed Sigmund
   969 | D:2      | Reached XP level 3. HP: 31/31 MP: 9/9
   985 | D:2      | Reached skill level 5 in Spellcasting
   990 | D:2      | Noticed Robin
  1002 | D:2      | Slain by Sigmund

Skill      XL: |  1  2  3 |
---------------+----------+-----
Spellcasting   | 5 |  5.0
Fighting       | |  4.5
Short Blades   | |  0.6
Long Blades    | |  0.6
Axes           | |  4.5
Maces & Flails | |  0.6
Polearms       | |  0.6
Staves         | |  0.6
Slings         | |  0.6
Bows           | |  0.6
Crossbows      | |  0.6
Throwing       | |  0.6
Armour         | |  2.5
Dodging        | |  4.5
Stealth        | |  0.6
Shields        | |  0.6
Unarmed Combat | |  0.6
Conjurations   | |  0.4
Hexes          | |  0.4
Charms         | |  5.4
Summonings     | |  0.4
Necromancy     | |  0.4
Translocations | |  0.4
Transmutations | |  0.4
Fire Magic     | |  0.4
Ice Magic      | |  0.4
Air Magic      | |  0.4
Earth Magic    | |  0.4
Poison Magic   | |  0.4
Invocations    | |  0.8
Evocations     | |  0.6

Action                   || total
-------------------------++-------
Melee: Hand axe          ||    79
       Bite              ||     8
 Cast: Song of Slaying   ||     1
  Use: Potion            ||     1
 Stab: Sleeping          ||     1
Armor: Leather armour    ||    16
       Ring mail         ||    11
Dodge: Dodged            ||    67
Block: Buckler           ||    11
